AoeStats
← feizda

Arabia

509539598Analyzed
1v1 RM · 5d ago on Sep 27, 2026· 47m 9s· 2 players
Game mode
Random Map
Map size
Tiny (2 player)
Population
200
Speed
Normal
Resources
Standard
Victory
Conquest
Starting age
Dark Age
Ending age
Imperial Age
RankedLock teamsTeams togetherTeam positionsShared explorationLock speedFull tech treeHidden civsTurbo modeCheats
Victory
Defeat
🇨🇳 Portuguese · China
1205
+15
1190
-15
华东第一素质丨
6:05 Loom
9:00 Feudal Age
9:28 Double-Bit Axe
14:49 Horse Collar
16:33 Wheelbarrow
20:50 Castle Age
19:32 Gold Mining
19:55 Forging
19:46 Scale Mail Armor
22:00 Bow Saw
22:27 Iron Casting
23:59 Hand Cart
24:39 Squires
24:25 Arson
26:03 Chain Mail Armor
25:55 Stone Mining
28:54 Stone Shaft Mining
28:45 Husbandry
29:01 Bloodlines
30:41 Scale Barding Armor
45:39 Imperial Age
43:28 Fletching
44:16 Bodkin Arrow
44:22 Padded Archer Armor
43:47 Elite Skirmisher
47:16 Bracer
feizda
6:10 Loom
9:09 Feudal Age
9:41 Double-Bit Axe
10:32 Horse Collar
16:49 Wheelbarrow
19:57 Castle Age
19:10 Town Watch
19:52 Bloodlines
20:58 Bow Saw
25:48 Fletching
25:59 Padded Archer Armor
26:22 Crossbowman
28:32 Bodkin Arrow
29:27 Hand Cart
30:27 Sanctity
30:47 Forging
33:20 Ballistics
37:37 Imperial Age
37:48 Arbalester
38:39 Bracer
39:42 Chemistry
42:36 Thumb Ring
46:26 Two-Man Saw
46:55 Conscription
46:56 Leather Archer Armor
Connection lost

Rejoining the realm…

Still unreachable

The connection could not be restored.

Session expired

The server has moved on; the page needs a fresh start.